 Dungeon Crawl Stone Soup version 0.27-a0-1565-gad902ab807 (webtiles) character file.

Game seed: 4323432475522791828

67 pokeman the Magician (level 3, -1/20 HPs)
             Began as a Deep Elf Hedge Wizard on July 16, 2021.
             Slain by Crazy Yiuf (12 damage)
             ... on level 2 of the Dungeon.
             The game lasted 00:04:03 (2670 turns).

pokeman the Magician (Deep Elf Hedge Wizard)        Turns: 2670, Time: 00:04:03

Health: -1/20      AC:  3    Str:  7    XL:     3   Next: 98%
Magic:  0/11       EV: 12    Int: 19    God:
Gold:   93         SH:  0    Dex: 14    Spells: 1/12 levels left

rFire    + . .     SeeInvis .   f - staff of earth
rCold    x . .     Faith    .   (no shield)
rNeg     . . .     Spirit   .   b - +0 robe
rPois    .         Reflect  .   k - +0 helmet
rElec    .         Harm     .   (no cloak)
rCorr    .         Rampage  .   (no gloves)
Will     .....                  (no boots)
Stlth    ++........             (no amulet)
HPRegen  0.06/turn              g - ring of fire
MPRegen  0.12/turn              (no ring)

@: no status effects
A: no striking features
a: no special abilities


You were on level 2 of the Dungeon.
You visited 1 branch of the dungeon, and saw 2 of its levels.

You collected 93 gold pieces.

Inventory:

Armour
 b - a +0 robe (worn)
 k - a +0 helmet (worn)
Magical Staves
 f - a staff of earth (weapon)
Jewellery
 g - a ring of fire (left hand)
Scrolls
 a - 2 scrolls of teleportation {unknown}
 d - a scroll of fear {unknown}
 e - a scroll of magic mapping {unknown}
 j - a scroll of blinking {unknown}
Potions
 c - a potion of degeneration {unknown}
 h - a potion of ambrosia {unknown}
 i - a potion of flight {unknown}


   Skills:
 - Level 1.0 Fighting
 - Level 1.0 Armour
 + Level 2.4 Dodging
 - Level 2.4 Stealth
 * Level 5.4 Spellcasting
 + Level 2.2 Conjurations
 - Level 1.1 Summonings
 - Level 1.1 Translocations
 + Level 0.3 Fire Magic


You had one spell level left.
You knew the following spells:

 Your Spells              Type           Power      Damage    Failure   Level
a - Magic Dart            Conj           52%        1d5       4%          1
b - Mephitic Cloud        Conj/Pois/Air  7%         N/A       26%         3
c - Call Imp              Summ           9%         N/A       12%         2
d - Blink                 Tloc           N/A        N/A       12%         2
e - Conjure Flame         Conj/Fire      15%        6-21      22%         3

Your spell library contained the following spells:

 Spells                   Type           Power      Damage    Failure   Level
 Slow                     Hex            5%         N/A       19%         2
 Dazzling Flash           Conj/Hex       18%        N/A       22%         3
 Agony                    Necr           5%         N/A       97%         5
 Silence                  Hex/Air        2%         N/A       97%         5


Dungeon Overview and Level Annotations

Branches:
Dungeon (2/15)

Altars:

Annotations:
D:2 Crazy Yiuf


Message History

Aiming: Magic Dart (safe; 4% risk of failure)
Press: ? - help, Shift-Dir - straight line, f/p - Crazy Yiuf
Aim: Crazy Yiuf, wielding a +2 quarterstaff of chaos and wearing a +0 cloak (almost dead, confused, 100% to hit)
The magic dart hits Crazy Yiuf.
Crazy Yiuf is almost dead.
Casting: Magic Dart (safe; 4% risk of failure)
Confirm with . or Enter, or press ? or * to list all spells.
Aiming: Magic Dart (safe; 4% risk of failure)
Press: ? - help, Shift-Dir - straight line, f/p - Crazy Yiuf
Aim: Crazy Yiuf, wielding a +2 quarterstaff of chaos and wearing a +0 cloak (almost dead, confused, 100% to hit)
The magic dart hits Crazy Yiuf but does no damage.
Crazy Yiuf is almost dead.
Crazy Yiuf laughs.
Casting: Magic Dart (safe; 4% risk of failure)
Confirm with . or Enter, or press ? or * to list all spells.
Aiming: Magic Dart (safe; 4% risk of failure)
Press: ? - help, Shift-Dir - straight line, f/p - Crazy Yiuf
Aim: Crazy Yiuf, wielding a +2 quarterstaff of chaos and wearing a +0 cloak (almost dead, confused, 100% to hit)
The magic dart hits Crazy Yiuf but does no damage.
Crazy Yiuf is almost dead.
Crazy Yiuf closely misses you.
Casting: Magic Dart (safe; 4% risk of failure)
Confirm with . or Enter, or press ? or * to list all spells.
Aiming: Magic Dart (safe; 4% risk of failure)
Press: ? - help, Shift-Dir - straight line, f/p - Crazy Yiuf
Aim: Crazy Yiuf, wielding a +2 quarterstaff of chaos and wearing a +0 cloak (almost dead, confused, 100% to hit)
The magic dart hits Crazy Yiuf.
Crazy Yiuf is almost dead.
Crazy Yiuf misses you.
Casting: Magic Dart (safe; 4% risk of failure)
Confirm with . or Enter, or press ? or * to list all spells.
You don't have enough magic to cast this spell.
Unknown command.
You hit Crazy Yiuf but do no damage.
Crazy Yiuf is almost dead.
You hit Crazy Yiuf but do no damage.
Crazy Yiuf is almost dead.
Crazy Yiuf hits you with a +2 quarterstaff of chaos!
Ouch! That really hurt!
You die...

#........######## #....#
#...#.#### #...# #....# #####.#
#...# ##.######
#####.#######...###.......#
..................#.......#
#####.#######...........).#######
##........# ###....####..........
##.##.###.# #....# ###........
##.#..#.#.# ♣.@P.♣ #........
##>.......### ♣..g♣♣ #........
#....(#.#.#.# ♣♣.♣♣ #†.......
#####.#.#.#.# ♣.♣♣ #†.......
......#.#.#.# ♣♣.♣ ###........
.######.#.#.# ♣g♣♣ #..######## .#
#.#.#.# ♣♣.♣ ##.########
.######.#.#.# #'# ##.........
...>......#.# ... #..........


You could see Crazy Yiuf (confused).

Vanquished Creatures
  An adder (D:2)
  A worm (D:2)
  A dart slug (D:1)
  4 endoplasms
  2 giant cockroaches
  5 goblins
  4 hobgoblins
  6 jackals (D:1)
  6 kobolds
  5 quokkas
  3 ball pythons (D:1)
  3 bats
  2 frilled lizards (D:1)
  7 rats
50 creatures vanquished.

Vanquished Creatures (others)
  A fungus (D:2)
1 creature vanquished.

Grand Total: 51 creatures vanquished

Notes
Turn   | Place    | Note
-------+----------+-------------------------------------------
     0 | D:1      | pokeman the Deep Elf Hedge Wizard began the quest for the
                  | Orb.
     0 | D:1      | Reached XP level 1. HP: 10/10 MP: 7/7
   245 | D:1      | Reached XP level 2. HP: 8/16 MP: 0/9
   784 | D:1      | Reached skill level 5 in Spellcasting
   987 | D:1      | Reached XP level 3. HP: 20/20 MP: 8/11
   991 | D:1      | Learned a level 3 spell: Mephitic Cloud
   994 | D:1      | Learned a level 2 spell: Call Imp
   997 | D:1      | Learned a level 2 spell: Blink
  1001 | D:1      | Learned a level 3 spell: Conjure Flame
  1857 | D:2      | Reached skill level 1 in Fighting
  1973 | D:2      | Found a faded altar of an unknown god.
  2220 | D:2      | Reached skill level 1 in Armour
  2332 | D:2      | Found a runed translucent door.
  2333 | D:2      | Noticed Crazy Yiuf
  2670 | D:2      | Slain by Crazy Yiuf

Illustrated notes

Levels and vault maps discovered:
D:1:      dpeg_arrival_renting, layout_basic
D:2:      layout_basic, hellmonk_ecumenical_altar_leap_of_faith,
          uniq_crazy_yiuf_cottage

Skill      XL: |  1  2  3 |
---------------+----------+-----
Spellcasting   | 5 |  5.4
Conjurations   | 2 |  2.2
Fighting       | 1 |  1.0
Armour         | 1 |  1.0
Dodging        | |  2.4
Stealth        | |  2.4
Summonings     | |  1.1
Translocations | |  1.1
Fire Magic     | |  0.3

Action                   || total
-------------------------++-------
Melee: Dagger            ||    12
       Staff             ||     5
 Cast: Magic Dart        ||   144
       Mephitic Cloud    ||     1
       Call Imp          ||     1
Armor: Robe              ||    10
Dodge: Dodged            ||    33

Table legend: (Time is in decaauts)
 A = Elapsed time spent in this place.
 B = Non-inter-level travel time spent in this place.
 C = Inter-level travel time spent in this place.
 D = Time resting spent in this place.
 E = Time spent auto-exploring this place.
 F = Levels seen in this place.
 G = Mean time per level.
                   A        B        C        D        E       F      G
               +--------+--------+--------+--------+--------+-----+--------+
         Total |   2669 |   2643 |     26 |    144 |   2212 |   2 | 1334.5 |
       Dungeon |   2669 |   2643 |     26 |    144 |   2212 |   2 | 1334.5 |
               +--------+--------+--------+--------+--------+-----+--------+

Top non-repeatable levels by time:
     D:1: 1594 daAuts
     D:2: 1075 daAuts
